 Dungeon Crawl Stone Soup version 0.28.0-53-g5a82cb258f (webtiles) character file.

Game seed: 5077615259417035733

17506 salieru the Thaumaturge (level 12, -4/109 HPs)
             Began as a Naga Hedge Wizard on June 30, 2022.
             Was an Initiate of Cheibriados.
             Slain by a spark wasp (13 damage)
             ... created by the adversity of Qazlal
             ... on level 1 of the Lair of Beasts.
             The game lasted 01:38:00 (14738 turns).

salieru the Thaumaturge (Naga Hedge Wizard)        Turns: 14738, Time: 01:38:01

Health: -4/109     AC: 14    Str: 16    XL:     12   Next: 48%
Magic:  24/26      EV: 10    Int: 22    God:    Cheibriados [......]
Gold:   570        SH:  5    Dex: 11    Spells: 16/31 levels left

rFire   . . .      SeeInvis +   r - +5 whip (elec)
rCold   . . .      Faith    .   (no shield)
rNeg    . . .      Spirit   .   I - +3 steam dragon scales
rPois   +          Reflect  +   p - +2 helmet {Int+3}
rElec   .          Harm     .   v - +0 cloak
rCorr   .          Rampage  .   (no gloves)
Will    +....                   (no barding)
Stlth   ++........              e - amulet of reflection
HPRegen 0.28/turn               f - ring of flight
MPRegen 0.20/turn               (no ring)

@: about to teleport, on blink cooldown, flying, very slow
A: AC +4, large, see invisible, deformed body, poison resistance, slowness 2,
spit poison 1, naga tail 1
a: Spit Poison, Renounce Religion


You were on level 1 of the Lair of Beasts.
You worshipped Cheibriados.
Cheibriados was noncommittal.
You visited 3 branches of the dungeon, and saw 13 of its levels.

You collected 570 gold pieces.

Inventory:

Hand Weapons
 g - a +2 spear of venom
 j - a +1 mace of holy wrath
 r - a +5 whip of electrocution (weapon)
 u - a +1 war axe of freezing
 A - a +2 long sword of electrocution
 F - a +1 short sword of distortion
Missiles
 b - 5 curare-tipped darts (quivered)
Armour
 a - a +0 leather armour of fire resistance
 p - a +2 helmet of intelligence (worn)
 v - a +0 cloak (worn)
 w - a +0 troll leather armour
 z - a +0 leather armour of positive energy
 B - the +2 helmet "Raameof" {Will- MP+9 Stlth+}
   (You found it on level 10 of the Dungeon)

   MP:        It affects your magic capacity (+9).
   Will:      It decreases your willpower.
   Stlth:     It makes you more stealthy.
 I - +3 steam dragon scales (worn)
Jewellery
 e - an amulet of reflection (around neck)
 f - a ring of flight (left hand)
 k - an amulet of faith
 l - an amulet of the acrobat
Wands
 h - a wand of flame (33)
 x - a wand of iceblast (15)
 y - a wand of mindburst (9)
Scrolls
 d - a scroll of fog {unknown}
 C - a scroll of magic mapping
 D - a scroll of blinking
 E - a scroll of identify
 H - a scroll of immolation
Potions
 c - 2 potions of might
 n - 2 potions of brilliance
 o - 3 potions of lignification
 q - a potion of invisibility
 s - 3 potions of resistance
 t - a potion of cancellation
 G - a potion of berserk rage {unknown}


   Skills:
 - Level 7.0 Fighting
 - Level 5.0 Long Blades
 - Level 5.0 Maces & Flails
 - Level 3.0 Armour
 - Level 4.0 Dodging
 - Level 3.1 Stealth
 * Level 10.0 Spellcasting
 + Level 7.4 Conjurations
 - Level 1.0 Summonings
 - Level 2.0 Translocations
 - Level 4.0 Air Magic
 - Level 4.0 Earth Magic
 - Level 5.0 Poison Magic
 + Level 7.5 Invocations
 - Level 4.8 Evocations


You had 16 spell levels left.
You knew the following spells:

 Your Spells              Type           Power      Damage    Failure   Level
a - Magic Dart            Conj           100%       1d8       1%          1
b - Blink                 Tloc           38%        N/A       4%          2
c - Sting                 Tmut/Pois      88%        1d7       2%          1
d - Mephitic Cloud        Conj/Pois/Air  35%        N/A       1%          3
e - Stone Arrow           Conj/Erth      72%        3d11      1%          3
f - Slow                  Hex            44%        N/A       6%          1
g - Olgreb's Toxic Radia  Pois           33%        N/A       8%          4

Your spell library contained the following spells:

 Spells                   Type           Power      Damage    Failure   Level
 Foxfire                  Conj/Fire      100%       2x1d9     1%          1
 Sandblast                Erth           56%        2d13      1%          1
 Poisonous Vapours        Pois/Air       60%        N/A       1%          2
 Passwall                 Tmut/Erth      15%        N/A       4%          2
 Conjure Flame            Conj/Fire      27%        6-21      4%          3
 Call Imp                 Summ           15%        N/A       6%          2
 Flame Wave               Conj/Fire      27%        2d7       13%         4
 Inner Flame              Hex/Fire       11%        N/A       19%         3


Dungeon Overview and Level Annotations

Branches:
Dungeon (11/15)            Temple (1/1) D:5            Lair (1/6) D:11
    Orc: D:9-12

Altars:
Ashenzari
Cheibriados
Dithmenos
Elyvilon
Fedhas
Gozag
Hepliaklqana
Kikubaaqudgha
Makhleb
Nemelex Xobeh
Okawaru
Qazlal
Ru
Sif Muna
Trog
Uskayaw
Vehumet
Wu Jian
Xom
Yredelemnul
Zin
The Shining One

Portals:
Abyss: D:4

Annotations:
D:4 2 transporters, Revguard's ghost, amateur DsGl


Innate Abilities, Weirdness & Mutations

Your serpentine skin is tough. (AC +4)
You have supernaturally acute eyesight. (SInv)
Armour fits poorly on your strangely shaped body.
Your system is resistant to poisons. (rPois)
You cover ground very slowly.
You can spit poison.
You have a snake-like lower body.


Message History

The water moccasin is heavily wounded.
The water moccasin bites you.
You hit the water moccasin. Your punch misses the water moccasin.
The water moccasin is heavily wounded.
The water moccasin bites you but does no damage.
Qazlal incites the elements against you!
A spark wasp and a fire elemental come into view.
You hit the water moccasin.
Lightning courses through the water moccasin!
You kill the water moccasin!
Cheibriados appreciates the change of pace.
Found 14 gold pieces and a leather armour.
The spark wasp barely misses you.
You see here a water moccasin corpse.
The spark wasp stings you! The spark wasp shocks you!
The fire elemental hits you. The fire elemental burns you!
The spark wasp closely misses you.
Aiming: Iceblast
Press: ? - help, Q - select action, (/) - cycle Shift-Dir - straight line, f - spark wasp
Aim: a spark wasp (durably summoned)
Okay, then.
As you read the scroll of teleportation, it crumbles to dust.
You feel strangely unstable. The fire elemental hits you.
The fire elemental burns you! The spark wasp closely misses you.
The fire elemental closely misses you.
Casting: Magic Dart (safe; 1% risk of failure)
Confirm with . or Enter, or press ? or * to list all spells.
You blink.
The spark wasp stings you! The spark wasp shocks you!
* * * LOW HITPOINT WARNING * * *
You block the spark wasp's attack. The fire elemental hits you.
The fire elemental burns you!
* * * LOW HITPOINT WARNING * * *
You feel much better. You block the spark wasp's attack.
The fire elemental barely misses you. The spark wasp stings you!
The spark wasp shocks you!
* * * LOW HITPOINT WARNING * * *
The fire elemental hits you. The fire elemental burns you!
* * * LOW HITPOINT WARNING * * *
The spark wasp stings you!
You die...

... ... ... ...
..#
...####.####..# #
..............##.#
..................
...(..............
..................
........E.........
....P..@y☼........
...P####.##$......
. ######†###.....#
+.......# ....P#
#.......# ..[.##
##<.....# ...#
#......# ....
##.##.## ...#+#


You could see a spark wasp and a fire elemental.

Vanquished Creatures
  A boulder beetle (D:11)
  4 two-headed ogres
  An orc knight (D:11)
  An ugly thing (D:10)
  A cane toad (Lair:1)
  Maggie (D:7)
  A troll (D:5)
  5 polar bears (D:11)
  A hornet (D:9)
  3 dream sheep (D:11)
  A shadow (D:11)
  A wraith (D:10)
  2 wyverns
  3 steam dragons (D:9)
  10 yaks
  Menkaure (D:5)
  3 water moccasins
  Duvessa (D:6)
  2 acid dragons (D:11)
  9 orc warriors
  2 sky beasts
  5 black bears
  A necrophage (D:5)
  A wolf (D:11)
  2 centaurs
  A kobold brigand (D:9)
  A gnoll sergeant (D:7)
  2 scorpions
  Dowan (D:6)
  A water moccasin skeleton (D:7)
  6 killer bees (D:10)
  3 wights (D:8)
  5 howler monkeys
  2 centaur zombies
  A bullfrog zombie (D:6)
  A jelly (D:6)
  A bullfrog skeleton (D:4)
  5 orc priests
  A hound (D:11)
  An iguana (D:4)
  9 orc wizards
  Natasha (thrice) (D:2)
  A killer bee zombie (D:7)
  2 hound skeletons
  A howler monkey zombie (D:9)
  Robin (D:2)
  10 gnolls
  7 adders
  A shadow imp (D:8)
  2 white imps (D:6)
  3 worms
  49 orcs
  7 endoplasms
  A giant cockroach (D:1)
  16 goblins
  9 hobgoblins
  7 kobolds
  2 quokkas
  7 ball pythons
  5 bats
  A frilled lizard (D:3)
239 creatures vanquished.

Vanquished Creatures (collateral kills)
  A polar bear (D:11)
1 creature vanquished.

Grand Total: 240 creatures vanquished

Notes
Turn   | Place    | Note
-------+----------+-------------------------------------------
     0 | D:1      | salieru the Naga Hedge Wizard began the quest for the Orb.
     0 | D:1      | Reached XP level 1. HP: 15/15 MP: 4/4
    29 | D:1      | Found a faded altar of an unknown god.
   124 | D:1      | Prayed at the altar of an unknown god.
   124 | D:1      | Became a worshipper of Qazlal Stormbringer
   124 | D:1      | Reached * piety under Qazlal
   277 | D:1      | Reached XP level 2. HP: 22/22 MP: 6/6
  1577 | D:2      | Reached XP level 3. HP: 30/30 MP: 3/7
  1601 | D:2      | Learned a level 2 spell: Blink
  1605 | D:2      | Learned a level 3 spell: Mephitic Cloud
  1747 | D:2      | Noticed Natasha
  1753 | D:2      | Killed Natasha
  1809 | D:2      | Reached XP level 4. HP: 26/37 MP: 6/9
  1842 | D:2      | Noticed Natasha
  1856 | D:2      | Killed Natasha
  1857 | D:2      | Reached skill level 1 in Fighting
  2074 | D:2      | Noticed Natasha
  2080 | D:2      | Killed Natasha
  2081 | D:2      | Reached skill level 1 in Air Magic
  2081 | D:2      | Reached skill level 1 in Poison Magic
  2174 | D:2      | Reached XP level 5. HP: 26/44 MP: 8/10
  2951 | D:3      | Learned a level 1 spell: Sting
  3044 | D:3      | Reached skill level 1 in Armour
  3053 | D:3      | Reached ** piety under Qazlal
  3097 | D:3      | Noticed Robin
  3183 | D:2      | Killed Robin
  3662 | D:3      | Found a sparkling altar of Nemelex Xobeh.
  3663 | D:3      | Found a basalt altar of Yredelemnul.
  3664 | D:3      | Found a radiant altar of Vehumet.
  3665 | D:3      | Found a broken altar of Ashenzari.
  4235 | D:4      | Reached skill level 4 in Spellcasting
  4235 | D:4      | Reached XP level 6. HP: 48/51 MP: 5/12
  4239 | D:4      | Learned a level 3 spell: Stone Arrow
  4539 | D:4      | Found a one-way gate to the infinite horrors of the Abyss.
  4539 | D:4      | Noticed Revguard's ghost (amateur DsGl)
  4541 | D:4      | Noticed a small abomination
  4541 | D:4      | Noticed a toenail golem
  4549 | D:4      | Found a transporter.
  4581 | D:4      | Found a transporter.
  4583 | D:4      | Noticed a small abomination
  5101 | D:4      | Reached skill level 1 in Invocations
  5112 | D:4      | Reached XP level 7. HP: 42/60 MP: 5/13
  5551 | D:5      | Entered Level 5 of the Dungeon
  5551 | D:5      | Found a staircase to the Ecumenical Temple.
  5759 | D:5      | Reached *** piety under Qazlal
  6082 | D:5      | Noticed Menkaure
  6090 | D:5      | Killed Menkaure
  6091 | D:5      | Reached skill level 1 in Earth Magic
  6209 | D:5      | Noticed a troll
  6219 | D:5      | Killed a troll
  6220 | D:5      | Reached XP level 8. HP: 47/68 MP: 2/15
  6353 | D:5      | Reached skill level 5 in Spellcasting
  6977 | D:6      | Noticed Dowan
  6980 | D:6      | Noticed Duvessa
  6990 | D:6      | Killed Duvessa
  7002 | D:6      | Killed Dowan
  7003 | D:6      | Reached XP level 9. HP: 72/76 MP: 8/17
  7764 | D:7      | Noticed Maggie
  7774 | D:7      | Killed Maggie
  7984 | D:7      | Reached skill level 6 in Spellcasting
  8362 | D:7      | Learned a level 1 spell: Slow
  8644 | D:8      | Noticed a two-headed ogre
  8654 | D:8      | Killed a two-headed ogre
  8655 | D:8      | Reached skill level 5 in Poison Magic
  8853 | D:8      | Reached XP level 10. HP: 85/85 MP: 16/19
  8873 | D:8      | Reached **** piety under Qazlal
  8916 | D:8      | Noticed a two-headed ogre
  8924 | D:8      | Killed a two-headed ogre
  8925 | D:8      | Reached skill level 7 in Spellcasting
  8925 | D:8      | Reached skill level 5 in Conjurations
  9528 | D:8      | Reached XP level 11. HP: 99/99 MP: 21/21
  9826 | D:9      | Reached skill level 5 in Long Blades
  9826 | D:9      | Reached skill level 5 in Maces & Flails
  9966 | D:9      | Reached skill level 5 in Invocations
 10426 | D:10     | Entered Level 10 of the Dungeon
 10740 | D:10     | Noticed a two-headed ogre
 10755 | D:10     | Killed a two-headed ogre
 10852 | D:10     | Reached skill level 8 in Spellcasting
 10857 | D:10     | Learned a level 4 spell: Olgreb's Toxic Radiance
 10897 | D:10     | Noticed a two-headed ogre
 10903 | D:10     | Killed a two-headed ogre
 11647 | D:10     | Identified the +2 helmet "Raameof" {Will- MP+9 Stlth+}
 11658 | D:10     | Noticed a white ugly thing
 11669 | D:10     | Killed a white ugly thing
 12208 | D:11     | Noticed a boulder beetle
 12233 | D:11     | Killed a boulder beetle
 12234 | D:11     | Reached XP level 12. HP: 43/109 MP: 11/24
 12604 | D:11     | Reached skill level 9 in Spellcasting
 13105 | D:11     | Found a huge runed translucent gate.
 13105 | D:11     | Found a huge runed translucent gate.
 13105 | D:11     | Found a huge runed translucent gate.
 13105 | D:11     | Found a huge runed translucent gate.
 13657 | D:11     | Found a shadowy altar of Dithmenos.
 14124 | D:11     | Found a staircase to the Lair.
 14250 | Temple   | Entered the Ecumenical Temple
 14293 | Temple   | Fell from the grace of Qazlal
 14293 | Temple   | Became a worshipper of Cheibriados the Contemplative
 14631 | Lair:1   | Entered Level 1 of the Lair of Beasts
 14647 | Lair:1   | Reached skill level 10 in Spellcasting
 14732 | Lair:1   | Noticed a spark wasp
 14738 | Lair:1   | Slain by a spark wasp

Illustrated notes

Levels and vault maps discovered:
D:1:      dpeg_arrival_shrine, layout_loops_ring, shapermc_ecumenical_altar_gd,
          st_stairs_10
D:2:      layout_basic, uniq_natasha
D:3:      layout_basic, mainiacjoe_overflow_alcove_3, minivault_24, uniq_robin
D:4:      minmay_diamond_boxcup, layout_loops_ring,
          gammafunk_ghost_abyssal_escape
D:5:      layout_loops_ring, minmay_temple_entry_proselytizer, uniq_menkaure
D:6:      layout_gridville, cheibrodos_sewer_entry_bend, hangedman_glass_teeth,
          solitary_fountain, uniq_duvessa
D:7:      layout_rooms, minmay_misc_feat_x, uniq_maggie
D:8:      layout_loops_corners
D:9:      layout_basic
D:10:     layout_cave_pods
D:11:     lemuel_bear_cage, layout_stronghold, lair_entry_dummy,
          grunt_dithmenos_shadows
Temple:   dpeg_five_rooms_temple
Lair:1:   layout_regular_city, infiniplex_staircase_pool

Skill      XL: |  1  2  3  4  5  6  7  8  9 10 11 12 |
---------------+-------------------------------------+-----
Fighting       | 1 2 3 4 6 7 |  7.0
Dodging        | 2 3 4 |  4.0
Air Magic      | 1 2 3 4 |  4.0
Poison Magic   | 1 2 3 4 5 |  5.0
Armour         | 1 2 3 |  3.0
Conjurations   | 2 3 4 5 6 7 |  7.4
Spellcasting   | 4 5 6 7 8 10 | 10.0
Translocations | 2 |  2.0
Invocations    | 1 2 3 4 6 7 |  7.5
Earth Magic    | 1 3 4 |  4.0
Long Blades    | 4 5 |  5.0
Maces & Flails | 4 5 |  5.0
Evocations     | 4 |  4.8
Stealth        | |  3.1
Summonings     | |  1.0

Action                   |  1- 3 |  4- 6 |  7- 9 | 10-12 || total
-------------------------+-------+-------+-------+-------++-------
Melee: Dagger            |     9 |    67 |   126 |       ||   202
       Punch             |     1 |     1 |     1 |       ||     3
       Whip              |       |       |    58 |   186 ||   244
Throw: Dart              |       |       |       |     2 ||     2
 Cast: Magic Dart        |    50 |    92 |    48 |    45 ||   235
       Sting             |       |    16 |    58 |    60 ||   134
       Mephitic Cloud    |       |     2 |     8 |    15 ||    25
       Stone Arrow       |       |       |    16 |    34 ||    50
       Blink             |       |       |     1 |     3 ||     4
       Olgreb's Toxic Ra |       |       |       |    23 ||    23
 Abil: Spit Poison       |    17 |    22 |    16 |    13 ||    68
Evoke: Wand              |       |       |     4 |     2 ||     6
  Use: Potion            |     4 |       |       |     9 ||    13
       Scroll            |       |       |     4 |    16 ||    20
 Stab: Confused          |       |       |     3 |     4 ||     7
Armor: Robe              |       |     6 |       |       ||     6
       Leather armour    |       |    19 |    24 |       ||    43
       Troll leather arm |       |       |    41 |       ||    41
       Steam dragon scal |       |       |    13 |   123 ||   136
Dodge: Dodged            |     5 |    22 |   104 |   105 ||   236
       Repelled          |       |       |       |     2 ||     2
Block: Other             |     1 |     6 |    39 |    77 ||   123
       Orb               |       |       |     1 |       ||     1
       Reflection        |       |       |       |     1 ||     1
